 Dungeon Crawl Stone Soup version 0.20-a0-577-g60d8699 (webtiles) character file.

104 Heleg the Shield-Bearer (level 4, 0/40 HPs)
             Began as a Minotaur Fighter on Feb 6, 2017.
             Slain by a small abomination (4 damage)
             ... created by the touch of Lugonu
             ... on level 3 of the Dungeon.
             The game lasted 00:30:12 (2354 turns).

Heleg the Shield-Bearer (Minotaur Fighter)          Turns: 2354, Time: 00:30:13

Health: 0/40       AC: 18    Str: 22    XL:     4   Next: 52%
Magic:  3/3        EV:  1    Int:  5    God:
Gold:   117        SH: 10    Dex: 11    Spells: 3/3 levels left

rFire    . . .     SeeInvis .   a - +0 long sword
rCold    . . .     Gourm    .   f - +0 crystal plate armour
rNeg     . . .     Faith    .   c - +0 shield
rPois    .         Spirit   .   (helmet restricted)
rElec    .         Reflect  .   (no cloak)
rCorr    .         Harm     .   g - +1 pair of gloves
MR       .....                  (no boots)
Stlth    ..........             (no amulet)
Regen    0.2/turn               (no ring)
                                i - +2 ring of dexterity

@: no status effects
A: retaliatory headbutt, horns 2
a: no special abilities


You were on level 3 of the Dungeon.
You were full.

You visited 1 branch of the dungeon, and saw 3 of its levels.

You collected 117 gold pieces.

Inventory:

Hand Weapons
 a - a +0 long sword (weapon)
Armour
 b - a +0 scale mail
 c - a +0 shield (worn)
 f - a +0 crystal plate armour (worn)
 g - a +1 pair of gloves (worn)
Jewellery
 i - a +2 ring of dexterity (left hand)
Scrolls
 e - 2 scrolls of identify
 h - 3 scrolls of blinking
Potions
 d - a potion of might
Comestibles
 j - a royal jelly


   Skills:
 + Level 4.1 Fighting
 + Level 4.0 Long Blades
 + Level 4.3 Armour
 + Level 0.4 Dodging
 + Level 4.4 Shields


You had 3 spell levels left.
You didn't know any spells.

Dungeon Overview and Level Annotations

Branches:
Dungeon (3/15)

Altars:
Cheibriados
Lugonu

Annotations:
D:3 Robin; wearedevo's ghost, amateur DrCK


Innate Abilities, Weirdness & Mutations

You reflexively headbutt those who attack you in melee.
You have a pair of horns on your head.


Message History

You riposte.
Your shield and crystal plate armour prevent you from hitting the small abomination.
You block the goblin's attack.
Your shield and crystal plate armour prevent you from hitting the small abomination.
The goblin shouts!
The small abomination hits you but does no damage.
You block the hobgoblin's attack.
The small abomination hits you but does no damage.
You block the goblin's attack.
You completely miss the small abomination.
The small abomination hits you but does no damage.
The hobgoblin hits you but does no damage.
You block the goblin's attack.
You block the small abomination's attack.
A hobgoblin comes into view. It is wielding a club.
The hobgoblin shouts!
You hit the small abomination but do no damage.
You block the hobgoblin's attack. The goblin hits you but does no damage.
The small abomination hits you.
You die...

....#.###W##
[....(g...g#####
.##.#..........#
.##.#..##.####.#
.# #.. #.# #.# #
... #.# #.# ###
#.# #.# ..#
#.##############
..#
#gx@g..........#
..
#.#g#########g##
#.gg........#.#
###g#######.#.#
#g# #.#.# #.#
#.#W# ##
#.#######.#g##
.. ..
.g...........#
....####.#####
#.#######.####


You could see a small abomination, Robin, 2 hobgoblins and 5 goblins.

Vanquished Creatures
  2 adders
  3 worms (D:2)
  A dart slug (D:1)
  6 orcs (D:3)
  3 giant cockroaches
  8 goblins
  12 hobgoblins
  3 jackals (D:1)
  6 ball pythons (D:1)
  6 bats
  2 frilled lizards (D:1)
  11 kobolds
  5 rats
  18 plants (D:1)
86 creatures vanquished.

Notes
Turn   | Place    | Note
-------+----------+-------------------------------------------
     0 | D:1      | Heleg the Minotaur Fighter began the quest for the Orb.
     0 | D:1      | Reached XP level 1. HP: 19/19 MP: 0/0
   115 | D:1      | Reached XP level 2. HP: 18/27 MP: 1/1
   880 | D:1      | Reached XP level 3. HP: 33/33 MP: 2/2
  1464 | D:2      | You fall through a shaft!
  1551 | D:3      | Noticed wearedevo's ghost (amateur DrCK)
  1647 | D:3      | Noticed Robin
  1715 | D:3      | Reached XP level 4. HP: 39/40 MP: 3/3
  1791 | D:3      | Found a snail-covered altar of Cheibriados.
  2093 | D:2      | Found a faded altar of an unknown god.
  2123 | D:2      | Became a worshipper of Lugonu the Unformed
  2123 | D:2      | Reached * piety under Lugonu
  2123 | D:2      | Reached ** piety under Lugonu
  2130 | D:2      | Fell from the grace of Lugonu
  2325 | D:2      | Noticed a small abomination
  2337 | D:2      | HP: 1/40 [small abomination[the touch of Lugonu] (7)]
  2354 | D:3      | Slain by a small abomination

Vault maps used:
D:1:      eino_arrival_water_cross, minmay_shallow_snake_nest
D:2:      chequers_ecumenical_altar_simple_redux,
          corexii_item_surrounded_by_moat, minmay_cut_off
D:3:      lemuel_round_altar, uniq_robin

Skill      XL: |  1  2  3  4 |
---------------+-------------+-----
Fighting       | 4 |  4.1
Armour         | 4 |  4.3
Long Blades    | 3 4 |  4.0
Shields        | 4 |  4.4
Dodging        | |  0.4

Action                   |  1- 3 |  4- 6 || total
-------------------------+-------+-------++-------
Melee: Long sword        |   420 |    46 ||   466
       Headbutt          |   126 |     7 ||   133
Invok: Renounce Religion |       |     1 ||     1
  Use: Scroll            |     5 |     4 ||     9
       Potion            |     1 |       ||     1
  Eat: Fruit             |     1 |     2 ||     3
       Bread ration      |     1 |     1 ||     2
Armor: Scale mail        |    66 |     7 ||    73
       Crystal plate arm |       |    27 ||    27
Dodge: Dodged            |    39 |     9 ||    48
Block: Shield            |    61 |    35 ||    96
       Rpst.: Long sword |    10 |     5 ||    15
